PAAA
BAY CITY BOMBERS @ ELLENBURG FIGHTING DACHSUNDS
06/06/2020
 
TOP OF THE 1ST
Bay City Bombers batting - Pitching for Ellenburg Fighting Dachsunds : LHP Jim Unknown
Pitching: LHP Jim Unknown
Batting: RHB Jim Unknown 0-0: Ground out 6-3 (Groundball, 6)
Batting: LHB Mito Rin 0-0: Called Strike
0-1: Foul Ball, location: 2F
0-2: Ball
1-2: Strikes out swinging
Batting: RHB Millard Watson 0-0: Ground out 5-3 (Groundball, 5)
Top of the 1st over - 0 run(s), 0 hit(s), 0 error(s), 0 left on base; Bay City 0 - Ellenburg 0
BOTTOM OF THE 1ST
Ellenburg Fighting Dachsunds batting - Pitching for Bay City Bombers : RHP Jim Unknown
Pitching: RHP Jim Unknown
Batting: LHB Chris West 0-0: Ball
1-0: Ball
2-0: Ball
3-0: Called Strike
3-1: Foul Ball, location: 2F
3-2: Base on Balls
Batting: SHB Ken Osborne 0-0: Called Strike
Chris West steals 2nd base
0-1: Called Strike
0-2: Ball
1-2: Ball
2-2: Ground out 4-3 (Groundball, 4)
Chris West to third
Batting: RHB Anthony Johnston 0-0: Called Strike
0-1: SINGLE (Line Drive, 56)
Chris West scores
Batting: LHB Matt Mitchell 0-0: Foul Ball, location: 2F
0-1: Called Strike
0-2: Ball
1-2: Fly out, F9 (Flyball, 9M)
Batting: RHB Mike Neal 0-0: Ball
1-0: Called Strike
Anthony Johnston is caught stealing 2nd base
Bottom of the 1st over - 1 run(s), 1 hit(s), 0 error(s), 0 left on base; Bay City 0 - Ellenburg 1
TOP OF THE 2ND
Bay City Bombers batting - Pitching for Ellenburg Fighting Dachsunds : LHP Jim Unknown
Batting: RHB Luis Díaz 0-0: Ball
1-0: Foul Ball, location: 2F
1-1: Ground out 6-3 (Groundball, 6M)
Batting: SHB Jim Unknown 0-0: Foul Ball, location: 2F
0-1: Ball
1-1: Swinging Strike
1-2: Ball
2-2: Ball
3-2: Strikes out swinging
Batting: LHB Guy Riley 0-0: Foul Ball, location: 2F
0-1: Ball
1-1: Swinging Strike
1-2: Foul Ball, location: 2F
1-2: Strikes out swinging
Top of the 2nd over - 0 run(s), 0 hit(s), 0 error(s), 0 left on base; Bay City 0 - Ellenburg 1
BOTTOM OF THE 2ND
Ellenburg Fighting Dachsunds batting - Pitching for Bay City Bombers : RHP Jim Unknown
Batting: RHB Mike Neal 0-0: Ball
1-0: Called Strike
1-1: Called Strike
1-2: Foul Ball, location: 2F
1-2: Foul Ball, location: 2F
1-2: Foul Ball, location: 2F
1-2: Ball
2-2: Strikes out looking
Batting: LHB George Valentine 0-0: Ball
1-0: Foul Ball, location: 2F
1-1: Foul Ball, location: 2F
1-2: Foul Ball, location: 2F
1-2: Fly out, F8 (Flyball, 8LD)
Batting: RHB Bernardo Márquez 0-0: Ball
1-0: Ball
2-0: Called Strike
2-1: Foul Ball, location: 2F
2-2: Foul Ball, location: 2F
2-2: Strikes out swinging
Bottom of the 2nd over - 0 run(s), 0 hit(s), 0 error(s), 0 left on base; Bay City 0 - Ellenburg 1
TOP OF THE 3RD
Bay City Bombers batting - Pitching for Ellenburg Fighting Dachsunds : LHP Jim Unknown
Batting: LHB Jim Unknown 0-0: Foul Ball, location: 2F
0-1: Foul Ball, location: 2F
0-2: Ball
1-2: Ball
2-2: Strikes out looking
Batting: RHB Aaron Phillips 0-0: Ball
1-0: Foul Ball, location: 2F
1-1: Foul Ball, location: 2F
1-2: Foul Ball, location: 2F
1-2: Foul Ball, location: 2F
1-2: Ball
2-2: Strikes out swinging
Batting: LHB John Doyle 0-0: SOLO HOME RUN (Flyball, 9D), Distance : 388 ft
Batting: RHB Jim Unknown 0-0: Called Strike
0-1: DOUBLE (Line Drive, 78XD)
Batting: LHB Mito Rin 0-0: Called Strike
0-1: Foul Ball, location: 2F
0-2: Foul Ball, location: 2F
0-2: Strikes out swinging
Top of the 3rd over - 1 run(s), 2 hit(s), 0 error(s), 1 left on base; Bay City 1 - Ellenburg 1
BOTTOM OF THE 3RD
Ellenburg Fighting Dachsunds batting - Pitching for Bay City Bombers : RHP Jim Unknown
Batting: RHB Miguel García 0-0: Swinging Strike
0-1: Foul Ball, location: 2F
0-2: Ball
1-2: Ball
2-2: Ground out 1-3 (Groundball, 23)
Batting: RHB Ingo van Ham 0-0: Ball
1-0: Foul Ball, location: 2F
1-1: Ball
2-1: Swinging Strike
2-2: Ground out 1-3 (Groundball, 25)
Batting: LHB Chris West 0-0: Ball
1-0: Foul Ball, location: 2F
1-1: Ball
2-1: Ball
3-1: Base on Balls
Batting: SHB Ken Osborne 0-0: Ball
1-0: Ball
2-0: Ball
3-0: Called Strike
3-1: Called Strike
3-2: SINGLE (Line Drive, 4MD)
Chris West to second
Chris West to third
Batting: RHB Anthony Johnston 0-0: Ball
Wild Pitch!
Chris West scores
Ken Osborne to second
1-0: Ball
2-0: Ball
3-0: SINGLE (Groundball, 6MD)
Ken Osborne to third
Runner from 3rd tries for Home, SAFE, no throw or cutoff
Batting: LHB Matt Mitchell 0-0: Foul Ball, location: 2F
0-1: Foul Ball, location: 2F
0-2: Ball
1-2: Ball
2-2: 2-RUN HOME RUN (Flyball, 89XD), Distance : 419 ft
Batting: RHB Mike Neal 0-0: Ground out 4-3 (Groundball, 34)
Bottom of the 3rd over - 4 run(s), 3 hit(s), 0 error(s), 0 left on base; Bay City 1 - Ellenburg 5
TOP OF THE 4TH
Bay City Bombers batting - Pitching for Ellenburg Fighting Dachsunds : LHP Jim Unknown
Batting: RHB Millard Watson 0-0: Called Strike
0-1: Foul Ball, location: 2F
0-2: Foul Ball, location: 2F
0-2: SINGLE (Groundball, 34D)
Batting: RHB Luis Díaz 0-0: Ball
1-0: Foul Ball, location: 2F
1-1: Foul Ball, location: 2F
1-2: Ball
2-2: Foul Ball, location: 2F
2-2: Strikes out swinging
Batting: SHB Jim Unknown 0-0: Grounds into double play, 6-4-3 (Groundball, 56)
Top of the 4th over - 0 run(s), 1 hit(s), 0 error(s), 0 left on base; Bay City 1 - Ellenburg 5
BOTTOM OF THE 4TH
Ellenburg Fighting Dachsunds batting - Pitching for Bay City Bombers : RHP Jim Unknown
Batting: LHB George Valentine 0-0: Foul Ball, location: 2F
0-1: Foul Ball, location: 2F
0-2: Foul Ball, location: 2F
0-2: Foul Ball, location: 2F
0-2: Ball
1-2: Foul Ball, location: 2F
1-2: Foul Ball, location: 2F
1-2: SINGLE (Groundball, 34)
Batting: RHB Bernardo Márquez 0-0: Grounds into double play, 5-4-3 (Groundball, 5L)
Batting: RHB Miguel García 0-0: Ball
1-0: Ball
2-0: Fly out, F3 (Popup, 3F)
Bottom of the 4th over - 0 run(s), 1 hit(s), 0 error(s), 0 left on base; Bay City 1 - Ellenburg 5
TOP OF THE 5TH
Bay City Bombers batting - Pitching for Ellenburg Fighting Dachsunds : LHP Jim Unknown
Batting: LHB Guy Riley 0-0: Ground out 1-3 (Groundball, 13)
Batting: LHB Jim Unknown 0-0: Called Strike
0-1: Foul Ball, location: 2F
0-2: SINGLE (Groundball, 6MD) (infield hit)
Batting: RHB Aaron Phillips 0-0: Called Strike
Jim Unknown steals 2nd base
0-1: Swinging Strike
0-2: Ball
1-2: SINGLE (Groundball, 56)
Jim Unknown to third
Runner from 3rd tries for Home, SAFE, throw made home
Batting: LHB John Doyle 0-0: Called Strike
0-1: Foul Ball, location: 2F
0-2: Fly out, F8 (Flyball, 8RD)
Batting: RHB Jim Unknown 0-0: Ball
1-0: Ball
2-0: Ball
3-0: Base on Balls
Aaron Phillips to second
Batting: LHB Mito Rin 0-0: Ball
1-0: Swinging Strike
1-1: Ground out 5-3 (Groundball, 56)
Top of the 5th over - 1 run(s), 2 hit(s), 0 error(s), 2 left on base; Bay City 2 - Ellenburg 5
BOTTOM OF THE 5TH
Ellenburg Fighting Dachsunds batting - Pitching for Bay City Bombers : RHP Jim Unknown
Batting: RHB Ingo van Ham 0-0: Called Strike
0-1: Ball
1-1: Swinging Strike
1-2: Foul Ball, location: 2F
1-2: Ball
2-2: Foul Ball, location: 2F
2-2: Ball
3-2: Base on Balls
Batting: LHB Chris West 0-0: Ball
1-0: Ball
2-0: Called Strike
2-1: SINGLE (Line Drive, 78S)
Ingo van Ham to second
Pitching: RHP Jeff Krause
Batting: SHB Ken Osborne 0-0: Ball
1-0: Called Strike
1-1: Foul Ball, location: 2F
1-2: Ball
2-2: Hit by Pitch
Ingo van Ham to third
Chris West to second
Pinch Runner at 1st Fernando Díaz:
Batting: RHB Anthony Johnston 0-0: Ball
1-0: Called Strike
1-1: Ball
2-1: Foul Ball, location: 2F
2-2: Foul Ball, location: 2F
2-2: Foul Ball, location: 2F
2-2: Foul Ball, location: 2F
2-2: Ball
3-2: Foul Ball, location: 2F
3-2: Foul Ball, location: 2F
3-2: Foul Ball, location: 2F
3-2: Foul Ball, location: 2F
3-2: Base on Balls
Ingo van Ham scores
Chris West to third
Fernando Díaz to second
Batting: LHB Matt Mitchell 0-0: Ball
1-0: Foul Ball, location: 2F
1-1: Ball
2-1: Ball
3-1: Base on Balls
Chris West scores
Fernando Díaz to third
Anthony Johnston to second
Batting: RHB Mike Neal 0-0: Foul Ball, location: 2F
0-1: Ball
1-1: Ball
2-1: Foul Ball, location: 2F
2-2: Strikes out swinging
Batting: LHB George Valentine 0-0: Ball
1-0: Called Strike
1-1: Ball
2-1: Ball
3-1: Base on Balls
Fernando Díaz scores
Anthony Johnston to third
Matt Mitchell to second
Batting: RHB Bernardo Márquez 0-0: Grounds into double play, 6-4-3 (Groundball, 6M)
Bottom of the 5th over - 3 run(s), 1 hit(s), 0 error(s), 2 left on base; Bay City 2 - Ellenburg 8
TOP OF THE 6TH
Bay City Bombers batting - Pitching for Ellenburg Fighting Dachsunds : LHP Jim Unknown
Now at SS: Fernando Díaz
Batting: RHB Millard Watson 0-0: Called Strike
0-1: Swinging Strike
0-2: Ball
1-2: Ball
2-2: Foul Ball, location: 2F
2-2: Foul Ball, location: 2F
2-2: Foul Ball, location: 2F
2-2: Ball
3-2: Foul Ball, location: 2F
3-2: Foul Ball, location: 2F
3-2: Strikes out swinging
Batting: RHB Luis Díaz 0-0: Ball
1-0: Ball
2-0: Foul Ball, location: 2F
2-1: Swinging Strike
2-2: Ball
3-2: Fly out, F9 (Flyball, 9S)
Batting: SHB Jim Unknown 0-0: Foul Ball, location: 2F
0-1: Called Strike
0-2: Ball
1-2: Ball
2-2: Foul Ball, location: 2F
2-2: Ground out 6-3 (Groundball, 6)
Top of the 6th over - 0 run(s), 0 hit(s), 0 error(s), 0 left on base; Bay City 2 - Ellenburg 8
BOTTOM OF THE 6TH
Ellenburg Fighting Dachsunds batting - Pitching for Bay City Bombers : RHP Jeff Krause
Batting: RHB Miguel García 0-0: Ground out 4-3 (Groundball, 4)
Batting: RHB Ingo van Ham 0-0: Called Strike
0-1: SINGLE (Groundball, 4MD)
Batting: LHB Chris West 0-0: Called Strike
0-1: Swinging Strike
0-2: Fielders Choice at 2nd, 4-6 (Groundball, 4)
Batting: RHB Fernando Díaz 0-0: Called Strike
0-1: Ball
Chris West is caught stealing 2nd base
Bottom of the 6th over - 0 run(s), 1 hit(s), 0 error(s), 0 left on base; Bay City 2 - Ellenburg 8
TOP OF THE 7TH
Bay City Bombers batting - Pitching for Ellenburg Fighting Dachsunds : LHP Jim Unknown
Batting: LHB Guy Riley 0-0: Ball
1-0: Fly out, F7 (Flyball, 78S)
Batting: LHB Jim Unknown 0-0: Called Strike
0-1: Ball
1-1: Ball
2-1: Bunt for hit - play at first, batter OUT! 2-3
Batting: RHB Aaron Phillips 0-0: Called Strike
0-1: Ball
1-1: Ball
2-1: Foul Ball, location: 2F
2-2: Foul Ball, location: 2F
2-2: Ball
3-2: Foul Ball, location: 2F
3-2: Reached on Error, E9 (Flyball, 9M)
Batting: LHB John Doyle 0-0: Ball
1-0: Ground out 3-1 (Groundball, 34)
Top of the 7th over - 0 run(s), 0 hit(s), 1 error(s), 1 left on base; Bay City 2 - Ellenburg 8
BOTTOM OF THE 7TH
Ellenburg Fighting Dachsunds batting - Pitching for Bay City Bombers : RHP Jeff Krause
Batting: RHB Fernando Díaz 0-0: Called Strike
0-1: Ball
1-1: Ball
2-1: Ball
3-1: Base on Balls
Batting: RHB Anthony Johnston 0-0: SINGLE (Groundball, 13) (infield hit)
Fernando Díaz to second
Batting: LHB Matt Mitchell 0-0: Ball
1-0: Foul Ball, location: 2F
1-1: Fly out, F7 (Flyball, 78D)
Batting: RHB Mike Neal 0-0: Fielders Choice at 3rd, U5 (Groundball, 5L)
Anthony Johnston to second
Batting: LHB George Valentine 0-0: Ball
1-0: Ball
2-0: Called Strike
2-1: Foul Ball, location: 2F
2-2: Ball
3-2: Base on Balls
Anthony Johnston to third
Mike Neal to second
Batting: RHB Bernardo Márquez 0-0: Ball
1-0: Fly out, F9 (Flyball, 9M)
Bottom of the 7th over - 0 run(s), 1 hit(s), 0 error(s), 3 left on base; Bay City 2 - Ellenburg 8
TOP OF THE 8TH
Bay City Bombers batting - Pitching for Ellenburg Fighting Dachsunds : LHP Jim Unknown
Now at 1B: Jason Delaney
Now in RF: Curt Bryant
Batting: RHB Jim Unknown 0-0: Called Strike
0-1: Swinging Strike
0-2: Foul Ball, location: 2F
0-2: Ball
1-2: Ball
2-2: Strikes out looking
Pitching: RHP Jim Unknown
Batting: LHB Mito Rin 0-0: Ball
1-0: Ball
2-0: Called Strike
2-1: Called Strike
2-2: Strikes out swinging
Batting: RHB Millard Watson 0-0: Ball
1-0: Called Strike
1-1: Called Strike
1-2: Fly out, F6 (Popup, 56)
Top of the 8th over - 0 run(s), 0 hit(s), 0 error(s), 0 left on base; Bay City 2 - Ellenburg 8
BOTTOM OF THE 8TH
Ellenburg Fighting Dachsunds batting - Pitching for Bay City Bombers : RHP Jeff Krause
Batting: RHB Miguel García 0-0: Called Strike
0-1: Ball
1-1: Ball
2-1: Called Strike
2-2: Ball
3-2: Base on Balls
Batting: RHB Ingo van Ham 0-0: SINGLE (Groundball, 6MD)
Miguel García to second
Runner from 2nd tries for 3rd, OUT!
Batting: LHB Chris West 0-0: Called Strike
0-1: Foul Ball, location: 2F
0-2: Ball
1-2: Ball
2-2: Ball
3-2: Foul Ball, location: 2F
3-2: SINGLE (Line Drive, 6MD)
Ingo van Ham to second
Batting: RHB Fernando Díaz 0-0: Called Strike
0-1: Swinging Strike
0-2: Ball
1-2: Strikes out swinging
Batting: RHB Anthony Johnston 0-0: Foul Ball, location: 2F
0-1: Ball
1-1: Ball
2-1: DOUBLE (Line Drive, 7M)
Ingo van Ham scores
Chris West to third
Runner from 3rd tries for Home, SAFE, no throw or cutoff
Batting: SHB Curt Bryant 0-0: Ball
1-0: Ball
2-0: Ball
3-0: Base on Balls
Batting: RHB Jason Delaney 0-0: SINGLE (Groundball, 4M)
Anthony Johnston to third
Curt Bryant to second
Runner from 3rd tries for Home, SAFE, no throw or cutoff
Batting: LHB George Valentine 0-0: Ball
1-0: Called Strike
1-1: Ball
2-1: Ball
3-1: Called Strike
3-2: SINGLE (Groundball, 4MD)
Curt Bryant to third
Jason Delaney to second
Curt Bryant scores
Jason Delaney to third
Pitching: RHP Hollis Young
Batting: RHB Bernardo Márquez 0-0: Ball
1-0: Ball
2-0: Fly out, F3 (Popup, 3SF)
Bottom of the 8th over - 4 run(s), 5 hit(s), 0 error(s), 2 left on base; Bay City 2 - Ellenburg 12
TOP OF THE 9TH
Bay City Bombers batting - Pitching for Ellenburg Fighting Dachsunds : RHP Jim Unknown
Now at 2B: Marc Pratt
Batting: RHB Luis Díaz 0-0: Ball
1-0: Ground out 3-1 (Groundball, 34)
Batting: SHB Jim Unknown 0-0: Ball
1-0: Ball
2-0: Fly out, F8 (Flyball, 8RM)
Batting: LHB Guy Riley 0-0: Swinging Strike
0-1: Ground out 6-3 (Groundball, 6)
Top of the 9th over - 0 run(s), 0 hit(s), 0 error(s), 0 left on base; Bay City 2 - Ellenburg 12
This league is powered by Out of the Park Baseball, the baseball management simulation game for PC, Mac and Linux
Friday, October 23rd, 2015 - OOTP Baseball 16.9 Build 39